 Dungeon Crawl Stone Soup version 0.18.1-50-g88ac8fd (webtiles) character file.

166 wolfsongas the Bolt Thrower (level 5, -1/41 HPs)
             Began as a Demonspawn Hunter on Apr 30, 2017.
             Was an Initiate of Sif Muna.
             Slain by an adder (3 damage)
             ... on level 3 of the Dungeon on May 1, 2017.
             The game lasted 00:18:50 (2133 turns).

wolfsongas the Bolt Thrower (Demonspawn Hunter)     Turns: 2133, Time: 00:18:50

Health: -1/41      AC:  4    Str:  9 (12) XL:     5   Next: 22%
Magic:  5/8        EV: 12    Int: 11 (13) God:    Sif Muna [......]
Gold:   164        SH:  0    Dex: 12 (14) Spells: 0 memorised, 9 levels left

rFire  . . .     SeeInvis .     m - +0 short sword
rCold  . . .     Gourm    .     c - +0 leather armour
rNeg   . . .     Faith    .     (no shield)
rPois  .         Spirit   .     (helmet restricted)
rElec  .         Dismiss  .     u - +0 cloak
rCorr  .         Reflect  .     (no gloves)
SustAt .         Harm     .     (no boots)
MR     .....                    (no amulet)
Stlth  +.........               (no ring)
                                (no ring)

@: lethally poisoned (-1 -> -2), very slightly contaminated, hasted, drained,
very quick, not resistant to hostile enchantments, very unstealthy
A: hooves 2, horns 1
a: Renounce Religion


You were on level 3 of the Dungeon.
You worshipped Sif Muna.
Sif Muna was noncommittal.
You were full.

You visited 1 branch of the dungeon, and saw 3 of its levels.

You collected 164 gold pieces.

Inventory:

Hand Weapons
 a - a +4 hand crossbow
 b - a +0 short sword
 e - a +1 dagger of draining
 h - a +0 club
 k - a +0 club
 m - a +0 short sword (weapon)
Missiles
 g - 67 arrows
 t - 23 poisoned needles
 x - 6 javelins (quivered)
Armour
 c - a +0 leather armour (worn)
 i - a +0 leather armour
 s - a +0 scale mail
 u - a +0 cloak (worn)
 y - a +0 cloak
Wands
 B - a wand of slowing (13/48)
Scrolls
 l - a scroll of identify
 n - a scroll of noise
 p - 2 scrolls of remove curse
Comestibles
 q - 3 chunks of flesh


   Skills:
 + Level 3.6(2.8) Fighting
 + Level 2.6(1.8) Short Blades
 + Level 2.4(1.6) Maces & Flails
 + Level 5.7(4.8) Crossbows
 + Level 2.4(1.6) Throwing
 + Level 4.1(3.2) Armour
 + Level 3.4(2.6) Dodging
 + Level 3.2(2.4) Stealth
 + Level 2.4(1.6) Unarmed Combat
 + Level 2.6(1.8) Spellcasting
 + Level 3.7(2.9) Invocations
 + Level 2.8(2.0) Evocations


You had 9 spell levels left.
You didn't know any spells.

Dungeon Overview and Level Annotations

Branches:
Dungeon (3/15)

Altars:
Okawaru
Pakellas
Sif Muna

Annotations:
D:3 Terence


Innate Abilities, Weirdness & Mutations

You have hoof-like feet.
You have a pair of small horns on your head.


Message History

The adder is lightly wounded.
The adder closely misses you.
You hit the adder but do no damage. You headbutt the adder.
The adder is heavily wounded.
Terence is no longer moving slowly.
The adder barely misses you.
You closely miss the adder. Your kick misses the adder.
The adder is heavily wounded.
The adder barely misses you.
You barely miss the adder. You kick the adder, but do no damage.
The adder is heavily wounded.
You feel sick. The adder bites you but does no damage.
You closely miss the adder. Your kick misses the adder. You headbutt the adder.
The adder is heavily wounded.
You hit the adder but do no damage. Your kick misses the adder.
The adder is heavily wounded.
The adder bites you.
* * * LOW HITPOINT WARNING * * *
Terence misses you. The adder bites you.
You die...

##.####.# ......#.#
# ......#.## .#
.........# ###.#
......#.(# ###....
......#.(........
..... ##(#(#...###..
#######.(..........#
......#@# #.>..S.#
#....@#..#
#.....(.## #...## ##
#... #.. #.. #.


You could see Terence and an adder.

Vanquished Creatures
  An adder (D:3)
  2 worms (D:2)
  A dart slug (D:2)
  2 giant geckos
  4 orcs (D:3)
  6 bats
  9 goblins
  13 hobgoblins
  8 kobolds
  A quokka (D:2)
  A giant newt (D:1)
  7 rats
55 creatures vanquished.

Notes
Turn   | Place    | Note
--------------------------------------------------------------
     0 | D:1      | wolfsongas the Demonspawn Hunter began the quest for the Orb.
     0 | D:1      | Reached XP level 1. HP: 16/16 MP: 1/1
    96 | D:1      | Reached skill level 4 in Crossbows
    96 | D:1      | Gained mutation: You have large cloven feet. [demonic ancestry]
    96 | D:1      | Reached XP level 2. HP: 22/22 MP: 2/2
   636 | D:1      | Gained mutation: You have hoof-like feet. [demonic ancestry]
   636 | D:1      | Reached XP level 3. HP: 27/27 MP: 3/3
  1041 | D:2      | Found an oddly glowing altar of Pakellas.
  1274 | D:2      | Found an iron altar of Okawaru.
  1287 | D:2      | Reached skill level 1 in Stealth
  1649 | D:2      | Found a deep blue altar of Sif Muna.
  1654 | D:2      | Became a worshipper of Sif Muna the Loreminder
  1838 | D:3      | Reached XP level 4. HP: 22/33 MP: 4/4
  2100 | D:3      | Noticed Terence
  2113 | D:3      | Reached skill level 5 in Crossbows
  2113 | D:3      | Reached XP level 5. HP: 15/41 MP: 4/8
  2117 | D:3      | Gained mutation: Your muscles are strong. (Str +2) [potion of mutation]
  2117 | D:3      | Gained mutation: You have a pair of small horns on your head. [potion of mutation]
  2117 | D:3      | Lost mutation: Your muscles are strong. (Str +2) [potion of mutation]
  2132 | D:3      | HP: 2/41 [adder (3)]
  2133 | D:3      | Slain by an adder

Skill      XL: |  1  2  3  4 |
---------------+-------------+-----
Crossbows      | 4 5 |  5.7
Stealth        | 1 3 |  3.2
Dodging        | 2 3 |  3.4
Fighting       | 3 |  3.6
Short Blades   | 2 |  2.6
Maces & Flails | 2 |  2.4
Throwing       | 2 |  2.4
Armour         | 4 |  4.1
Unarmed Combat | 2 |  2.4
Spellcasting   | 2 |  2.6
Invocations    | 3 |  3.7
Evocations     | 2 |  2.8

Action                   |  1- 3 |  4- 6 || total
-------------------------+-------+-------++-------
Melee: Short sword       |     1 |    18 ||    19
       Kick              |       |     3 ||     3
       Headbutt          |       |     2 ||     2
 Fire: Hand crossbow     |    97 |       ||    97
Throw: Javelin           |     1 |     2 ||     3
Evoke: Wand              |       |     1 ||     1
  Use: Scroll            |    10 |     2 ||    12
       Potion            |     4 |     7 ||    11
  Eat: Bread ration      |     1 |       ||     1
       Meat ration       |       |     1 ||     1
Armor: Leather armour    |    17 |     6 ||    23
Dodge: Dodged            |    48 |    17 ||    65
